[Event "FIDE Women World Blitz 2021"]
[Site "Warsaw"]
[Date "2021.12.29"]
[Round "5.31"]
[White "Girya, Olga"]
[Black "Kiolbasa, Oliwia"]
[Result "1/2-1/2"]
[ECO "D36"]
[WhiteElo "2402"]
[BlackElo "2403"]
[Annotator "NA"]
[PlyCount "109"]
[EventDate "2021.12.29"]
[EventType "swiss"]
[EventCountry "POL"]
[Tiebreak "Cut1 Buchholz"]
[SourceTitle "playchess.com"]
[Source "ChessBase"]
[SourceQuality "1"]
[TimeControl "180+2"]

1. d4 d5 2. c4 e6 3. Nc3 Nf6 4. Nf3 Nbd7 5. cxd5 exd5 6. Bg5 c6 7. e3 Be7 8. Qc2 h6 9. Bf4 O-O 10. h3 Re8 11. Bd3 Nf8 12. O-O Ne6 13. Bh2 Bf8 14. Rab1 g6 15. b4 a6 16. Ne5 Ng7 17.
g4 h5 18. f3 Nd7 19. Rfe1 Nxe5 20. Bxe5 Bd6 21. Bxd6 Qxd6 22.
Qh2 Qxh2+ 23. Kxh2 hxg4 24.
hxg4 Ne6 25. Kg3 Kg7 26. Na4 b5 27. Nc3 a5 28. bxa5 Rxa5 29.
Re2 Bd7 30. Rb4 Ra3 31. Rb3 Rea8 32. Bc2 b4 33. Nb1 Rxa2 34. Rxb4 c5 35. dxc5 Nxc5 36. Nc3 Ra1 37. Nxd5 Rh8 38. Rb1 Ra2 39. Bd3 Ra3 40. Bc4 Bc6 41. e4 Ne6 42. Rb3 Ra4 43. Rc3 Rxc4 44.
Rxc4 Bb5 45. Rec2 Bxc4 46. Rxc4 Rb8 47. Rb4 Ra8 48. Rb7 Ra3 49. Kf2 Ng5 50. Ne3 Nh3+ 51. Ke2 Nf4+ 52. Kf2 Nh3+ 53. Ke2 Nf4+ 54. Kf2 Nh3+ 55. Ke2 1/2-1/2

[Event "FIDE Women World Blitz 2021"]
[Site "Warsaw"]
[Date "2021.12.29"]
[Round "5.32"]
[White "Socko, Monika"]
[Black "Kucharska, Honorata"]
[Result "1-0"]
[ECO "E94"]
[WhiteElo "2393"]
[BlackElo "2168"]
[Annotator "NA"]
[PlyCount "57"]
[EventDate "2021.12.29"]
[EventType "swiss"]
[EventCountry "POL"]
[Tiebreak "Cut1 Buchholz"]
[SourceTitle "playchess.com"]
[Source "ChessBase"]
[SourceQuality "1"]
[TimeControl "180+2"]

1. d4 Nf6 2. c4 d6 3. Nc3 Nbd7 4. e4 e5 5. Nf3 g6 6. Be2 Bg7 7. O-O O-O 8.
Be3 Re8 9. d5 Nc5 10. Nd2 a5 11. a3 Bd7 12. b4 Na6 13. Rb1 axb4 14. axb4 c6 15. dxc6 bxc6 16. Qc2 Be6 17. Rfd1 Qe7 18. Rb2 d5 19. exd5 cxd5 20. cxd5 Nxd5 21. Nxd5 Bxd5 22. Ne4 Nxb4 23. Qb1 Bxe4 24. Qxe4 Na2 25. Ra1 Nc3 26. Qxa8 Nxe2+ 27. Rxe2 Rxa8 28.
Rxa8+ Bf8 29. Bh6 1-0

[Event "FIDE Women World Blitz 2021"]
[Site "Warsaw"]
[Date "2021.12.29"]
[Round "5.33"]
[White "Lach, Aleksandra"]
[Black "Goraj, Barbara"]
[Result "1-0"]
[ECO "B23"]
[WhiteElo "2204"]
[BlackElo "1902"]
[Annotator "NA"]
[PlyCount "47"]
[EventDate "2021.12.29"]
[EventType "swiss"]
[EventCountry "POL"]
[Tiebreak "Cut1 Buchholz"]
[SourceTitle "playchess.com"]
[Source "ChessBase"]
[SourceQuality "1"]
[TimeControl "180+2"]

1. e4 c5 2. Nc3 Nc6 3. Bb5 Nd4 4. Nf3 Nxb5 5. Nxb5 d6 6.
d4 cxd4 7. Qxd4 Bd7 8. Nc3 Nf6 9. Bg5 h6 10. Bxf6 gxf6 11.
O-O-O h5 12. Kb1 Bh6 13. Nd5 Rg8 14. Nh4 Rg4 15. g3 Be6 16.
f3 Rg8 17. Nf5 Bxf5 18. exf5 Kf8 19. Rhe1 Rc8 20. Rxe7 Bg5 21. h4 Bh6 22. Qxf6 Rg7 23. Qxh6 Qa5 24. f6 1-0

[Event "FIDE Women World Blitz 2021"]
[Site "Warsaw"]
[Date "2021.12.29"]
[Round "5.34"]
[White "Garcia Martin, Marta"]
[Black "Smietanska, Wiktoria"]
[Result "1-0"]
[ECO "B30"]
[WhiteElo "2194"]
[BlackElo "1765"]
[Annotator "NA"]
[PlyCount "73"]
[EventDate "2021.12.29"]
[EventType "swiss"]
[EventCountry "POL"]
[Tiebreak "Cut1 Buchholz"]
[SourceTitle "playchess.com"]
[Source "ChessBase"]
[SourceQuality "1"]
[TimeControl "180+2"]

1. e4 c5 2. Nc3 Nc6 3. Bb5 Nd4 4. Nf3 a6 5. Bd3 e6 6. O-O Ne7 7. Nxd4 cxd4 8. Ne2 Nc6 9. c3 dxc3 10. bxc3 d5 11. exd5 Qxd5 12. Qc2 g6 13. Be4 Qd7 14. d4 Bg7 15. Ba3 Ne7 16. Nf4 O-O 17. Nd3 Rd8 18. Rab1 Qc7 19. Bc5 Nd5 20. c4 Nf6 21. Bb6 Qd7 22. Bxd8 Nxe4 23. Bb6 Bxd4 24. Ne5 Bxe5 25. Qxe4 Bc7 26. Rfd1 Qe7 27. Bxc7 Qxc7 28. Qd4 b5 29. Qd8+ Qxd8 30. Rxd8+ Kg7 31. cxb5 axb5 32. Rc1 Bb7 33. Rxa8 Bxa8 34. Rc5 Bd5 35. a3 Bc4 36. a4 Bd3 37. axb5 1-0

[Event "FIDE Women World Blitz 2021"]
[Site "Warsaw"]
[Date "2021.12.29"]
[Round "5.35"]
[White "Kashlinskaya, Alina"]
[Black "Katkov, Michelle"]
[Result "1-0"]
[ECO "E32"]
[WhiteElo "2482"]
[BlackElo "1651"]
[Annotator "ChessBase"]
[PlyCount "109"]
[EventDate "2021.12.29"]
[EventType "swiss"]
[EventCountry "POL"]
[Tiebreak "Cut1 Buchholz"]
[SourceTitle "playchess.com"]
[Source "ChessBase"]
[SourceQuality "1"]
[TimeControl "180+2"]

1. d4 Nf6 2. c4 e6 3. Nc3 Bb4 4. Qc2 O-O 5. a3 Bxc3+ 6. Qxc3 d6 7. Nf3 Ne4 8. Qc2 f5 9. g3 Nd7 10. Bg2 Ndf6 11. Nd2 Nxd2 12. Bxd2 e5 13. Bc3 Qe7 14. dxe5 dxe5 15. O-O-O c5 16. Kb1 Be6 17. Bxe5 Qf7 18. Bxf6 Qxf6 19. Bd5 Rfe8 20. e3 Rad8 21. Qa4 Bxd5 22. Rxd5 Re4 23. Rxd8+ Qxd8 24. Rd1 Qb6 25. Qd7 h6 26. Qc8+ Kh7 27. Qxf5+ Qg6 28. Qxg6+ Kxg6 29. Rd6+ Kf5 30. Rd5+ Kg4 31.
Rxc5 Kh3 32. Rc7 Kxh2 33. Rxg7 Rxc4 34. Rxb7 Kg2 35. Rf7 h5 36. b3 Rc3 37. Kb2 Rd3 38. Kc2 Rd5 39. b4 Rd6 40. Kc3 Rd1 41.
a4 Rf1 42. b5 Rc1+ 43. Kb4 Rb1+ 44. Kc5 Ra1 45. Rxa7 Kxf2 46. b6 Kxg3 47. b7 Rb1 48. a5 h4 49. a6 h3 50. Ra8 h2 51. Rg8+ Kf3 52. Rh8 Kg2 53.
a7 Rc1+ 54. Kd4 Ra1 55. a8=Q 1-0

[Event "FIDE Women World Blitz 2021"]
[Site "Warsaw"]
[Date "2021.12.29"]
[Round "5.36"]
[White "Kurmangaliyeva, Liya"]
[Black "Movsesian, Julia"]
[Result "0-1"]
[ECO "C41"]
[WhiteElo "2222"]
[BlackElo "2322"]
[Annotator "NA"]
[PlyCount "110"]
[EventDate "2021.12.29"]
[EventType "swiss"]
[EventCountry "POL"]
[Tiebreak "Cut1 Buchholz"]
[SourceTitle "playchess.com"]
[Source "ChessBase"]
[SourceQuality "1"]
[TimeControl "180+2"]

1. e4 d6 2. d4 Nf6 3. Nc3 Nbd7 4. Nf3 e5 5. g3 Be7 6. Bg2 O-O 7. O-O c6 8. a4 Re8 9. Re1 Rb8 10. a5 Qc7 11. h3 h6 12. Nh4 Bf8 13. Be3 b5 14. axb6 axb6 15. d5 b5 16. Ra7 Rb7 17. Rxb7 Bxb7 18. dxc6 Bxc6 19. Qd3 Qb7 20. Ra1 Nc5 21. Bxc5 dxc5 22. Rd1 c4 23. Qe3 g6 24. Kh2 Qb8 25. Nd5 Bxd5 26. exd5 Qd6 27. b3 Rc8 28. Bf3 cxb3 29. cxb3 b4 30. Rd3 Rc2 31. Ng2 h5 32. Bd1 Ra2 33. Bf3 Kh7 34. Be4 Bh6 35. Qf3 Kg7 36.
Rd1 Rb2 37. Rd3 Nd7 38. Rd1 Nc5 39. Ne3 Rxb3 40. Nc4 Rxf3 41. Nxd6 Rxf2+ 42. Kg1 Be3 43. Kh1 b3 44. Bb1 b2 45. Nc4 Bd4 46.
d6 Kf6 47. Nb6 Ke6 48. Nc8 Kd7 49. Nb6+ Kxd6 50. Nc4+ Ke7 51. Nd2 f5 52. Nf1 Kf6 53. Nh2 Ne4 54. Bxe4 fxe4 55. Rb1 Rc2 0-1

[Event "FIDE Women World Blitz 2021"]
[Site "Warsaw"]
[Date "2021.12.29"]
[Round "5.37"]
[White "Jarocka, Liwia"]
[Black "Batsiashvili, Nino"]
[Result "1-0"]
[ECO "C47"]
[WhiteElo "1851"]
[BlackElo "2491"]
[Annotator "ChessBase"]
[PlyCount "83"]
[EventDate "2021.12.29"]
[EventType "swiss"]
[EventCountry "POL"]
[Tiebreak "Cut1 Buchholz"]
[SourceTitle "playchess.com"]
[Source "ChessBase"]
[SourceQuality "1"]
[TimeControl "180+2"]

1. e4 e5 2. Nf3 Nc6 3. Nc3 Nf6 4. a4 d6 5. Bc4 Be7 6. d3 O-O 7. O-O Bg4 8. h3 Bh5 9. Be3 Nd4 10. Bxd4 exd4 11. Nd5 Nxd5 12. Bxd5 c6 13. Bb3 Bf6 14. Re1 Kh8 15.
g4 Bg6 16. Qd2 Be5 17. Qg5 Qxg5 18. Nxg5 a5 19. Nf3 f6 20. Rf1 Bf7 21. Bxf7 Rxf7 22. Nh4 d5 23. f4 Bc7 24. Rae1 g6 25. Nf3 Bxf4 26. Nxd4 Be5 27. Nf3 Bxb2 28. exd5 cxd5 29. Re6 Rc8 30. Rf2 Rc6 31. Re8+ Kg7 32. Kg2 Rcc7 33. Ra8 Bc3 34. Rd8 Rcd7 35. Rb8 Rfe7 36. h4 h6 37. h5 Be5 38. Ra8 Bc7 39. hxg6 Kxg6 40. Nh4+ Kg5 41. Nf5 Re1 42. Rg8+ 1-0

[Event "FIDE Women World Blitz 2021"]
[Site "Warsaw"]
[Date "2021.12.29"]
[Round "5.38"]
[White "Badelka, Olga"]
[Black "Atalik, Ekaterina"]
[Result "1-0"]
[ECO "A11"]
[WhiteElo "2188"]
[BlackElo "2430"]
[Annotator "NA"]
[PlyCount "91"]
[EventDate "2021.12.29"]
[EventType "swiss"]
[EventCountry "POL"]
[Tiebreak "Cut1 Buchholz"]
[SourceTitle "playchess.com"]
[Source "ChessBase"]
[SourceQuality "1"]
[TimeControl "180+2"]

1. Nf3 d5 2. g3 c6 3. Bg2 Nf6 4. O-O g6 5. b3 Bg7 6. Bb2 O-O 7. c4 dxc4 8.
bxc4 c5 9. Nc3 Nc6 10. Rb1 Nd4 11. d3 Nxf3+ 12. Bxf3 Ne8 13. Ne4 Bxb2 14. Rxb2 Qc7 15. Rb5 f5 16. Rxc5 fxe4 17. Rxc7 exf3 18. Rxe7 Bg4 19. exf3 Bxf3 20. Qe1 Ng7 21. Qe5 Nf5 22. Qe6+ Kh8 23. Rc7 Rae8 24. Qd7 Re7 25. Qxe7 Nxe7 26. Rxe7 Rd8 27. Re3 Bc6 28. Rd1 Rd4 29. f3 Kg7 30. Kf2 Kf6 31. Ree1 Ba4 32. Rd2 Bc6 33. Ke3 Rd8 34. d4 Re8+ 35. Kf2 Rxe1 36. Kxe1 Ke7 37. d5 Bd7 38. Kf2 Kd6 39. Ke3 Bf5 40. Kd4 b6 41. Re2 Bd7 42. Re4 h5 43. Rf4 Bf5 44. g4 hxg4 45.
fxg4 Bd7 46. Rf6+ 1-0

[Event "FIDE Women World Blitz 2021"]
[Site "Warsaw"]
[Date "2021.12.29"]
[Round "5.39"]
[White "Ovod, Evgenija"]
[Black "Jakubowska, Anna"]
[Result "1-0"]
[ECO "B10"]
[WhiteElo "2366"]
[BlackElo "2106"]
[Annotator "NA"]
[PlyCount "53"]
[EventDate "2021.12.29"]
[EventType "swiss"]
[EventCountry "POL"]
[Tiebreak "Cut1 Buchholz"]
[SourceTitle "playchess.com"]
[Source "ChessBase"]
[SourceQuality "1"]
[TimeControl "180+2"]

1. e4 c6 2. Nf3 d5 3. d3 g6 4. Nbd2 Bg7 5. g3 e5 6. Bg2 Ne7 7. O-O O-O 8. Re1 Bg4 9. h3 Bxf3 10. Nxf3 Nd7 11. c3 h6 12. a4 f5 13. exf5 gxf5 14. d4 e4 15.
Nh4 Qe8 16. Bf4 Kh7 17. Qd2 Qh5 18. Bf1 Rg8 19. Be2 Qf7 20.
Kh2 Nf6 21. Be5 Nh5 22. Bxg7 Rxg7 23. Ng2 Rag8 24. Bxh5 Qxh5 25. Nf4 Qf3 26. Re3 Rxg3 27. fxg3 1-0

[Event "FIDE Women World Blitz 2021"]
[Site "Warsaw"]
[Date "2021.12.29"]
[Round "6.1"]
[White "Goryachkina, Aleksandra"]
[Black "Gunina, Valentina"]
[Result "1-0"]
[ECO "D13"]
[WhiteElo "2604"]
[BlackElo "2480"]
[Annotator "ChessBase"]
[PlyCount "139"]
[EventDate "2021.12.29"]
[EventType "swiss"]
[EventCountry "POL"]
[Tiebreak "Cut1 Buchholz"]
[SourceTitle "playchess.com"]
[Source "ChessBase"]
[SourceQuality "1"]
[TimeControl "180+2"]

1. d4 d5 2. c4 c6 3. cxd5 cxd5 4. Bf4 Nc6 5. e3 Nf6 6. Nc3 a6 7. Be2 Bf5 8. Nf3 e6 9. Qb3 Ra7 10. Ne5 Nxe5 11. Bxe5 Nd7 12. Bg3 Be7 13. O-O O-O 14. Rfc1 b5 15. a4 b4 16. Nb1 Nf6 17. Nd2 h6 18.
Rc6 Qa8 19. Rac1 Re8 20. h3 Bf8 21. Qd1 Bg6 22. Qf1 a5 23.
Bb5 Rd8 24. Bc7 Re8 25. Nf3 Ne4 26. Bb6 Rb7 27. Ba6 Rbb8 28.
Bc7 f6 29. Bxb8 Rxb8 30. Rc8 Nd6 31. Rxb8 Qxb8 32. Nd2 e5 33. Nb3 Qb6 34. Bb5 Bf7 35. Rc6 Qd8 36. Ra6 Nc4 37. Qc1 Bd6 38. Nc5 Qc7 39. Rc6 Qe7 40. b3 Na3 41. Ra6 exd4 42. exd4 g5 43.
Qe3 Qc7 44. Ra8+ Kg7 45. Qe2 Bxc5 46. dxc5 Qxc5 47. g3 d4 48. Kh2 Qe5 49. Qxe5 fxe5 50. Rxa5 Bxb3 51. Ra7+ Kf6 52. Bd3 Bd5 53. Ra6+ Ke7 54. Rb6 e4 55. Bf1 b3 56. a5 d3 57. a6 Kd7 58. a7 Nc2 59. Rxb3 Ne1 60. Rb8 Nf3+ 61. Kh1 e3 62. fxe3 d2 63. Rb1 Kc7 64. Bg2 Be4 65. Ra1 Ba8 66. g4 Kb6 67. Bxf3 Bxf3+ 68. Kg1 Ba8 69. Kf2 d1=Q 70. Rxd1 1-0

[Event "FIDE Women World Blitz 2021"]
[Site "Warsaw"]
[Date "2021.12.29"]
[Round "6.1"]
[White "Katkov, Michelle"]
[Black "Rakhmangulova, Anastasiya"]
[Result "1/2-1/2"]
[ECO "B01"]
[WhiteElo "1651"]
[BlackElo "2174"]
[Annotator "NA"]
[PlyCount "98"]
[EventDate "2021.12.29"]
[EventType "swiss"]
[EventCountry "POL"]
[Tiebreak "Cut1 Buchholz"]
[SourceTitle "playchess.com"]
[Source "ChessBase"]
[SourceQuality "1"]
[TimeControl "180+2"]

1. e4 d5 2. exd5 Qxd5 3. Nc3 Qd6 4. d4 Nf6 5. Nf3 a6 6. g3 Bg4 7. Bg2 Nc6 8. O-O O-O-O 9. h3 Bh5 10. Qd3 Bg6 11. Qe2 e6 12. Bf4 Qb4 13. Ne5 Nxd4 14. Qe3 Bc5 15. a3 Qb6 16. Na4 Qa7 17. b4 Bb6 18. c4 Nc2 19. Qc3 Bd4 20. Qb3 Nxa1 21. Qa2 Be4 22. Bxe4 Nxe4 23. Nxf7 g5 24. Nxh8 gxf4 25. Nf7 Rg8 26. g4 h5 27. Rd1 hxg4 28. hxg4 Rxg4+ 29. Kf1 Rh4 30. c5 e5 31. Rxd4 exd4 32. Ke2 Rh1 33. Ne5 b5 34. Qg8+ Kb7 35. Qd5+ c6 36. Qxe4 Rh8 37. Qxc6+ Kb8 38. Qd6+ Qc7 39. Nc6+ Kc8 40. Nb6+ Kb7 41. Na5+ Kb8 42. Nc6+ Kb7 43. Na5+ Kb8 44. Nd7+ Kc8 45. Nb6+ Kb8 46. Nd7+ Kc8 47. Nb6+ Kb8 48. Nd7+ Kc8 49. Nb6+ Kb8 1/2-1/2

[Event "FIDE Women World Blitz 2021"]
[Site "Warsaw"]
[Date "2021.12.29"]
[Round "6.2"]
[White "Gaponenko, Inna"]
[Black "Shuvalova, Polina"]
[Result "0-1"]
[ECO "B12"]
[WhiteElo "2339"]
[BlackElo "2515"]
[Annotator "ChessBase"]
[PlyCount "63"]
[EventDate "2021.12.29"]
[EventType "swiss"]
[EventCountry "POL"]
[Tiebreak "Cut1 Buchholz"]
[SourceTitle "playchess.com"]
[Source "ChessBase"]
[SourceQuality "1"]
[TimeControl "180+2"]

1. e4 c6 2. d4 d5 3. e5 Bf5 4. Nf3 e6 5. Be2 Nd7 6. O-O h6 7. a4 a5 8. Nbd2 Ne7 9. Nb3 Qc7 10. Bd2 g5 11. Rc1 f6 12. exf6 Ng6 13. c4 Bd6 14. cxd5 exd5 15. h3 O-O 16. Nc5 Nxf6 17. Be3 Rae8 18. Bd3 Ne4 19. Bxe4 dxe4 20. Nd2 Kg7 21. Nc4 Nf4 22. Nxd6 Qxd6 23. Bxf4 gxf4 24. Rc3 Kh7 25. Qd2 Rg8 26. Kh1 b6 27. Nb3 Rg6 28. Nc1 Reg8 29. Rg1 f3 30. g4 h5 31. g5 Bxh3 32. Rg3 0-1

[Event "FIDE Women World Blitz 2021"]
[Site "Warsaw"]
[Date "2021.12.29"]
[Round "6.2"]
[White "Paramzina, Anastasya"]
[Black "Zairbek kyzy, Begimai"]
[Result "1-0"]
[ECO "B13"]
[WhiteElo "2260"]
[BlackElo "1701"]
[Annotator "NA"]
[PlyCount "95"]
[EventDate "2021.12.29"]
[EventType "swiss"]
[EventCountry "POL"]
[Tiebreak "Cut1 Buchholz"]
[SourceTitle "playchess.com"]
[Source "ChessBase"]
[SourceQuality "1"]
[TimeControl "180+2"]

1. e4 c6 2. d4 d5 3. exd5 cxd5 4. Bd3 Nc6 5. c3 Nf6 6. h3 g6 7.
Nf3 Bf5 8. Bb5 a6 9. Bxc6+ bxc6 10. O-O Bg7 11. Bf4 O-O 12. Nbd2 Qb6 13. Nb3 Nd7 14. Re1 Rfe8 15. Qd2 a5 16. Rad1 a4 17. Nc1 a3 18. b3 Rac8 19. b4 Qb7 20. Nb3 Nb6 21. Na5 Qa6 22. Ne5 Na4 23. Bh6 Bh8 24. g4 Be6 25. f4 Nb2 26. Ra1 Bxe5 27. fxe5 c5 28. dxc5 Rxc5 29. bxc5 Qxa5 30. Qd4 Nc4 31. Rab1 Nb2 32. Qb4 Qc7 33. Qb6 Qc8 34. c6 Bxg4 35. c7 Bxh3 36. e6 Bxe6 37. Bf4 Nd3 38. Rxe6 fxe6 39. Qb8 Nxf4 40. Qxc8 Rxc8 41. Rb8 Kf7 42. Rxc8 Ne2+ 43. Kf2 Nxc3 44. Ra8 Ne4+ 45. Ke3 Nd6 46. Rd8 Nc4+ 47. Ke2 Nb6 48. Rb8 1-0

[Event "FIDE Women World Blitz 2021"]
[Site "Warsaw"]
[Date "2021.12.29"]
[Round "6.3"]
[White "Koneru, Humpy"]
[Black "Muzychuk, Mariya"]
[Result "1/2-1/2"]
[ECO "D46"]
[WhiteElo "2586"]
[BlackElo "2536"]
[Annotator "ChessBase"]
[PlyCount "47"]
[EventDate "2021.12.29"]
[EventType "swiss"]
[EventCountry "POL"]
[Tiebreak "Cut1 Buchholz"]
[SourceTitle "playchess.com"]
[Source "ChessBase"]
[SourceQuality "1"]
[TimeControl "180+2"]

1. d4 d5 2. c4 c6 3. Nc3 Nf6 4. e3 e6 5. Nf3 Nbd7 6. Bd3 Bd6 7. O-O O-O 8. e4 dxc4 9. Bxc4 e5 10. d5 Nb6 11. Bb3 cxd5 12. exd5 Bg4 13. h3 Bh5 14. Re1 Re8 15. Bg5 h6 16. Bxf6 Qxf6 17. Ne4 Qe7 18. Qd3 Bg6 19. Qe2 Nd7 20. Ba4 Bxe4 21. Qxe4 Nc5 22. Qc4 Nxa4 23. Qxa4 a6 24. Qe4 1/2-1/2

[Event "FIDE Women World Blitz 2021"]
[Site "Warsaw"]
[Date "2021.12.29"]
[Round "6.3"]
[White "Batsiashvili, Nino"]
[Black "Kurmangaliyeva, Liya"]
[Result "1-0"]
[ECO "D38"]
[WhiteElo "2491"]
[BlackElo "2222"]
[Annotator "ChessBase"]
[PlyCount "89"]
[EventDate "2021.12.29"]
[EventType "swiss"]
[EventCountry "POL"]
[Tiebreak "Cut1 Buchholz"]
[SourceTitle "playchess.com"]
[Source "ChessBase"]
[SourceQuality "1"]
[TimeControl "180+2"]

1. d4 Nf6 2. c4 e6 3. Nc3 Bb4 4. Nf3 d5 5. Qa4+ Nc6 6. a3 Bxc3+ 7. bxc3 Bd7 8.
cxd5 exd5 9. Bg5 h6 10. Bh4 O-O 11. Qc2 Re8 12. e3 g5 13.
Bg3 Ne4 14. Bd3 Bf5 15. O-O Na5 16. Ne5 f6 17. Nf3 Nc4 18.
a4 Qd7 19. a5 b6 20. Rfb1 Nxa5 21. Nd2 Nxg3 22. hxg3 Bxd3 23.
Qxd3 c6 24. e4 Kg7 25. exd5 cxd5 26. c4 dxc4 27. Nxc4 Nxc4 28. Qxc4 Rac8 29. Qd3 Red8 30. d5 Rc7 31. Rd1 Qd6 32. g4 a5 33. Rac1 Rdd7 34. Rxc7 Rxc7 35. Re1 Rd7 36. Qf5 Re7 37. Rc1 Re5 38. Qc8 Rxd5 39. Rc7+ Qxc7 40. Qxc7+ Kg6 41. Qxb6 h5 42. Qb1+ Kh6 43.
gxh5 Re5 44. g4 f5 45. Qb6+ 1-0

[Event "FIDE Women World Blitz 2021"]
[Site "Warsaw"]
[Date "2021.12.29"]
[Round "6.4"]
[White "Kosteniuk, Alexandra"]
[Black "Assaubayeva, Bibisara"]
[Result "0-1"]
[ECO "B22"]
[WhiteElo "2518"]
[BlackElo "2400"]
[Annotator "ChessBase"]
[PlyCount "56"]
[EventDate "2021.12.29"]
[EventType "swiss"]
[EventCountry "POL"]
[Tiebreak "Cut1 Buchholz"]
[SourceTitle "playchess.com"]
[Source "ChessBase"]
[SourceQuality "1"]
[TimeControl "180+2"]

1. e4 c5 2. c3 Nf6 3. e5 Nd5 4. Nf3 Nc6 5. d4 cxd4 6. cxd4 d6 7. Bc4 e6 8. O-O Be7 9. Qe2 O-O 10. Rd1 Qc7 11. a3 a6 12. Bd3 dxe5 13. dxe5 Rd8 14. h4 Na5 15. Qe4 g6 16. Nbd2 b5 17. h5 Bb7 18. hxg6 hxg6 19. Qg4 Ne3 20. fxe3 Rxd3 21. Rf1 Rxe3 22. b4 Nc6 23. Qf4 Re2 24. Ne4 Nxb4 25. Nd6 Bxd6 26. exd6 Qc5+ 27. Qd4 Qxd4+ 28. Nxd4 Rxg2+ 0-1

[Event "FIDE Women World Blitz 2021"]
[Site "Warsaw"]
[Date "2021.12.29"]
[Round "6.4"]
[White "Jakubowska, Anna"]
[Black "Atalik, Ekaterina"]
[Result "0-1"]
[ECO "B12"]
[WhiteElo "2106"]
[BlackElo "2430"]
[Annotator "NA"]
[PlyCount "68"]
[EventDate "2021.12.29"]
[EventType "swiss"]
[EventCountry "POL"]
[Tiebreak "Cut1 Buchholz"]
[SourceTitle "playchess.com"]
[Source "ChessBase"]
[SourceQuality "1"]
[TimeControl "180+2"]

1. e4 c6 2. d4 d5 3. e5 c5 4. dxc5 Nc6 5. Bb5 e6 6. a3 Bxc5 7. Bxc6+ bxc6 8.
b4 Bb6 9. Ne2 Ne7 10. O-O O-O 11. Bb2 c5 12. Nd2 Ng6 13. g3 Ba6 14. Re1 Qc7 15. Nc1 d4 16. bxc5 Bxc5 17. Ndb3 Bb6 18. Bxd4 Rfd8 19. c3 Bb7 20. Nd3 Qc6 21. f3 Qxf3 22. Qxf3 Bxf3 23. Kf2 Bd5 24. Nbc5 Rac8 25. Rab1 Bc4 26. Rb4 Bd5 27. Ne4 Bxd4+ 28. Rxd4 Ne7 29. Nb4 Nf5 30. Rd3 Bxe4 31. Rxe4 Rxd3 32. Nxd3 Rxc3 33. h4 Rxd3 34. Ra4 Rd7 0-1

[Event "FIDE Women World Blitz 2021"]
[Site "Warsaw"]
[Date "2021.12.29"]
[Round "6.5"]
[White "Paehtz, Elisabeth"]
[Black "Bulmaga, Irina"]
[Result "1/2-1/2"]
[ECO "D00"]
[WhiteElo "2485"]
[BlackElo "2405"]
[Annotator "ChessBase"]
[PlyCount "78"]
[EventDate "2021.12.29"]
[EventType "swiss"]
[EventCountry "POL"]
[Tiebreak "Cut1 Buchholz"]
[SourceTitle "playchess.com"]
[Source "ChessBase"]
[SourceQuality "1"]
[TimeControl "180+2"]

1. d4 Nf6 2. Nc3 d5 3. Bf4 e6 4. Nb5 Na6 5. e3 Bb4+ 6. c3 Be7 7. a4 O-O 8. Nf3 c6 9. Na3 Bd6 10. Ne5 Nb8 11. Bd3 Qe7 12. Qf3 Bxe5 13.
Bxe5 Nbd7 14. Qh3 h6 15. Qg3 Nxe5 16. Qxe5 Nd7 17. Qc7 e5 18. dxe5 Qxe5 19. Qxe5 Nxe5 20. Be2 a5 21. Nc2 Bf5 22. Nd4 Bd3 23. Rd1 Bxe2 24. Kxe2 Nc4 25. b3 Nd6 26. f3 Rad8 27. Kf2 Rfe8 28. Rhe1 g6 29. Re2 Kg7 30. Red2 Kf6 31. Nc2 Ke7 32. Rd3 Rd7 33. R1d2 Red8 34. Rd1 Nf5 35. R1d2 h5 36. Rd1 Ng7 37. Nd4 Ne6 38. Nxe6 Kxe6 39. h4 Rd6 1/2-1/2

[Event "FIDE Women World Blitz 2021"]
[Site "Warsaw"]
[Date "2021.12.29"]
[Round "6.5"]
[White "Nurgali, Nazerke"]
[Black "Parol, Pola"]
[Result "1-0"]
[ECO "D38"]
[WhiteElo "2267"]
[BlackElo "1823"]
[Annotator "NA"]
[PlyCount "91"]
[EventDate "2021.12.29"]
[EventType "swiss"]
[EventCountry "POL"]
[Tiebreak "Cut1 Buchholz"]
[SourceTitle "playchess.com"]
[Source "ChessBase"]
[SourceQuality "1"]
[TimeControl "180+2"]

1. d4 Nf6 2. Nf3 e6 3. c4 d5 4. Nc3 Bb4 5. Bg5 h6 6. Bxf6 Qxf6 7. e3 O-O 8. Rc1 c6 9. Bd3 Nd7 10. O-O dxc4 11. Bxc4 e5 12. Ne4 Qe7 13. d5 cxd5 14. Qxd5 Re8 15. a3 Nb6 16. Qxf7+ Qxf7 17. Bxf7+ Kxf7 18. axb4 Kf8 19. Nd6 Re6 20. Rfd1 Bd7 21. Nxb7 Bc6 22. Nc5 Re7 23. Nh4 Be8 24. Nf5 Rf7 25. Ne6+ Kg8 26. Nd6 Re7 27. Nc7 Rb8 28. Ndxe8 Rbxe8 29. Nxe8 Rxe8 30. Rc7 Ra8 31. h3 a5 32. b5 Na4 33. Rdd7 Nxb2 34. Rxg7+ Kf8 35. Rh7 Kg8 36. Rcg7+ Kf8 37. Rh8+ Kxg7 38. Rxa8 Nc4 39. Rc8 Nb6 40. Rc7+ Kf8 41. Rc6 Nd7 42. b6 Ke7 43. b7 a4 44. Rc7 Kd6 45. Rxd7+ Kxd7 46. b8=Q 1-0

[Event "FIDE Women World Blitz 2021"]
[Site "Warsaw"]
[Date "2021.12.29"]
[Round "6.6"]
[White "Buksa, Nataliya"]
[Black "Abdumalik, Zhansaya"]
[Result "1/2-1/2"]
[ECO "D00"]
[WhiteElo "2199"]
[BlackElo "2507"]
[Annotator "ChessBase"]
[PlyCount "78"]
[EventDate "2021.12.29"]
[EventType "swiss"]
[EventCountry "POL"]
[Tiebreak "Cut1 Buchholz"]
[SourceTitle "playchess.com"]
[Source "ChessBase"]
[SourceQuality "1"]
[TimeControl "180+2"]

1. d4 Nf6 2. Nc3 d5 3. Bf4 g6 4. e3 Bg7 5. h4 h5 6. Nf3 O-O 7. Be2 c5 8. Ne5 Nc6 9. Qd2 Qa5 10. Nxc6 bxc6 11. Be5 Bf5 12. O-O Nd7 13. Bxg7 Kxg7 14. Bd3 Be6 15. a3 c4 16. Be2 f5 17. b3 Nf6 18. bxc4 dxc4 19. Rfd1 Rfd8 20. Bf3 Rac8 21. Qe1 Nd5 22. Nxd5 Qxe1+ 23. Rxe1 cxd5 24. Reb1 Rb8 25. Kf1 Kf6 26. Ke1 Bf7 27. Kd2 e5 28. Kc3 a5 29. dxe5+ Kxe5 30. Rd1 Rb5 31. Rab1 Rdb8 32. Rxb5 Rxb5 33. g3 Be6 34. Bg2 Bf7 35. Bf3 Be8 36. Bg2 Bc6 37. Bf1 Rb8 38. Be2 Ke6 39. Bf1 Ke5 1/2-1/2

[Event "FIDE Women World Blitz 2021"]
[Site "Warsaw"]
[Date "2021.12.29"]
[Round "6.6"]
[White "Smirnova, Ekaterina"]
[Black "Kolaric, Spela"]
[Result "1-0"]
[ECO "D37"]
[WhiteElo "2196"]
[BlackElo "2178"]
[Annotator "NA"]
[PlyCount "90"]
[EventDate "2021.12.29"]
[EventType "swiss"]
[EventCountry "POL"]
[Tiebreak "Cut1 Buchholz"]
[SourceTitle "playchess.com"]
[Source "ChessBase"]
[SourceQuality "1"]
[TimeControl "180+2"]

1. d4 Nf6 2. c4 e6 3. Nf3 d5 4. Nc3 Be7 5. Bf4 O-O 6. e3 c5 7. dxc5 Bxc5 8.
cxd5 Nxd5 9. Nxd5 exd5 10. Be2 Bb4+ 11. Nd2 d4 12. a3 Ba5 13. b4 dxe3 14. Bxe3 Bb6 15. Nc4 Bxe3 16. Nxe3 Nc6 17. O-O Be6 18. Bf3 Rc8 19. Rc1 Qb6 20. Nd5 Qd8 21. Nf4 Qf6 22. Bxc6 Rxc6 23. Rxc6 bxc6 24. Nxe6 Qxe6 25. Re1 Qa2 26.
Qf3 h6 27. g3 Qd5 28. Qxd5 cxd5 29. Re7 Rd8 30. Kf1 a5 31. b5 a4 32. b6 Rb8 33. b7 f6 34. Ke2 Kh7 35. Kd3 Kg6 36. Kd4 Rd8 37. Rc7 Rb8 38.
Kxd5 h5 39. h4 Kf5 40. Kc6 Ke4 41. Rxg7 Kf3 42. Kc7 Rf8 43. b8=Q Rxb8 44. Kxb8 Kxf2 45. Kc7 f5 1-0